AoeStats
← AxingQuestions

Fortress

508777554Analyzed
4v4 RM · 7d ago on Sep 24, 2026· 39m 57s· 8 players
Game mode
Random Map
Map size
Huge
Population
200
Speed
Normal
Resources
Standard
Victory
Conquest
Starting age
Dark Age
Ending age
Imperial Age
RankedLock teamsTeams togetherTeam positionsShared explorationLock speedFull tech treeHidden civsTurbo modeCheats
Victory
Defeat
🇧🇷 Danes · Brazil
1277
+12
🇧🇷 Vietnamese · Brazil
1243
+14
🇧🇷 Jurchens · Brazil
1215
+15
🇧🇷 Malians · Brazil
1186
+17
🇨🇳 Italians · China
1205
-15
🇺🇸 Vikings · United States
1203
-15
🇲🇽 Saxons · Mexico
1195
-14
🇨🇴 Poles · Colombia
1175
-14
AxingQuestions
7:34 Feudal Age
11:30 Castle Age
9:43 Double-Bit Axe
10:16 Horse Collar
10:43 Loom
11:06 Scale Mail Armor
11:08 Gold Mining
13:01 Bow Saw
15:15 Squires
18:40 Forging
20:25 Chain Mail Armor
22:17 Iron Casting
22:13 Town Watch
26:19 Town Patrol
27:03 Gold Shaft Mining
27:24 Stone Mining
28:00 Arson
31:07 Imperial Age
31:33 Heavy Plow
32:20 Plate Mail Armor
32:51 Blast Furnace
31:23 Capped Ram
31:54 Elite Varangian Guard
32:31 Siege Ram
36:04 Onager
Ux'RaulitoMD
8:44 Feudal Age
8:58 Loom
12:40 Castle Age
10:37 Fletching
11:17 Scale Mail Armor
11:28 Forging
11:15 Double-Bit Axe
11:15 Horse Collar
13:08 Wheelbarrow
12:19 Town Watch
19:04 Squires
19:26 Forging
19:04 Pikeman
22:40 Ballistics
22:32 Masonry
38:54 Arson
40:29 Fortified Wall
40:11 Guard Tower
Patroclo
6:22 Loom
8:28 Feudal Age
10:09 Wheelbarrow
9:21 Double-Bit Axe
9:36 Horse Collar
10:55 Town Watch
13:56 Castle Age
12:11 Stone Mining
13:36 Gold Mining
14:48 Heavy Plow
15:01 Bow Saw
22:54 Hand Cart
24:15 Stone Shaft Mining
23:58 Szlachta Privileges
23:55 Husbandry
24:06 Bloodlines
24:07 Light Cavalry
26:04 Scale Barding Armor
26:10 Forging
27:25 Chain Barding Armor
29:00 Iron Casting
30:26 Fletching
30:37 Padded Archer Armor
34:03 Imperial Age
32:16 Town Patrol
34:24 Bodkin Arrow
34:45 Leather Archer Armor
34:44 Masonry
34:46 Fortified Wall
34:17 Treadmill Crane
34:58 Ballistics
34:34 Murder Holes
34:52 Caravan
35:59 Coinage
36:17 Crop Rotation
36:46 Conscription
37:03 Hoardings
37:31 Blast Furnace
36:31 Bracer
35:54 Cavalier
35:56 Winged Hussar
因为
7:33 Feudal Age
11:15 Castle Age
9:08 Double-Bit Axe
9:06 Horse Collar
11:33 Loom
13:36 Bow Saw
15:17 Stone Mining
15:21 Gold Mining
15:34 Heavy Plow
16:17 Wheelbarrow
20:41 Fletching
20:52 Padded Archer Armor
22:45 Stone Shaft Mining
22:58 Hand Cart
22:51 Bodkin Arrow
24:55 Town Watch
29:29 Leather Archer Armor
31:10 Thumb Ring
34:28 Imperial Age
36:26 Chemistry
37:51 Conscription
Tilan Borrego
9:01 Feudal Age
9:57 Double-Bit Axe
10:05 Horse Collar
10:20 Gold Mining
12:58 Castle Age
12:38 Scale Barding Armor
12:44 Forging
13:14 Bloodlines
15:09 Bow Saw
15:04 Heavy Plow
18:06 Husbandry
19:19 Chain Barding Armor
20:25 Chatras
22:34 Iron Casting
23:34 Wheelbarrow
26:35 Hand Cart
30:22 Imperial Age
29:05 Padded Archer Armor
28:55 Fletching
30:18 Leather Archer Armor
30:34 Squires
29:55 Pikeman
30:41 Scale Mail Armor
30:37 Bodkin Arrow
31:40 Halberdier
35:12 Two-Man Saw
34:43 Crop Rotation
35:21 Chain Mail Armor
36:31 Loom
38:33 Plate Mail Armor
RANDALZIN
0:30 Loom
6:42 Feudal Age
8:46 Town Watch
14:16 Castle Age
12:27 Scale Mail Armor
13:13 Forging
13:35 Double-Bit Axe
13:46 Horse Collar
24:17 Wheelbarrow
25:29 Chain Mail Armor
26:27 Scale Barding Armor
29:05 Bloodlines
28:55 Husbandry
29:20 Chain Barding Armor
29:59 Heavy Plow
32:57 Imperial Age
31:08 Husbandry
32:16 Fletching
33:08 Pikeman
36:01 Iron Casting
36:53 Halberdier
darkdudu
2:43 Loom
8:11 Feudal Age
11:21 Horse Collar
11:28 Double-Bit Axe
13:52 Castle Age
21:34 Bow Saw
24:16 Gold Mining
25:14 Wheelbarrow
25:12 Squires
24:57 Arson
25:16 Scale Mail Armor
25:26 Forging
28:36 Imperial Age
26:33 Hamask
27:59 Chain Mail Armor
28:20 Iron Casting
28:24 Gold Shaft Mining
28:26 Gambesons
28:59 Elite Varangian Guard
29:58 Hand Cart
29:07 Onager
30:02 Heavy Plow
30:47 Siege Engineers
31:15 Plate Mail Armor
31:46 Blast Furnace
31:10 Siege Onager
32:08 Northmen's Fury
Wololo 2.0
0:42 Loom
7:22 Feudal Age
13:38 Castle Age
12:03 Double-Bit Axe
12:13 Horse Collar
13:19 Gold Mining
16:58 Scale Mail Armor
17:32 Bow Saw
19:16 Wheelbarrow
18:39 Town Watch
19:29 Heavy Plow
21:15 Forging
22:36 Hand Cart
35:58 Imperial Age
36:13 Town Patrol
36:31 Chain Mail Armor
36:52 Iron Casting
37:42 Elite Gbeto
40:41 Crop Rotation
Connection lost

Rejoining the realm…

Still unreachable

The connection could not be restored.

Session expired

The server has moved on; the page needs a fresh start.